 Dungeon Crawl Stone Soup version 0.20-a0-731-gecde0bf (webtiles) character file.

660 KristoblXynda the Covert (level 7, -1/32 HPs)
             Began as a Spriggan Enchanter on Feb 22, 2017.
             Slain by an ogre
             ... wielding a +0 giant club
              (16 damage)
             ... on level 4 of the Dungeon.
             The game lasted 00:11:51 (3458 turns).

KristoblXynda the Covert (Spriggan Enchanter)       Turns: 3458, Time: 00:11:52

Health: -1/32      AC:  2    Str:  5    XL:     7   Next: 30%
Magic:  0/16       EV: 18    Int: 18    God:
Gold:   159        SH:  0    Dex: 16    Spells: 11/17 levels left

rFire    . . .     SeeInvis +   k - +4 dagger (drain)
rCold    . . .     Gourm    .   b - +0 robe
rNeg     . . .     Faith    .   (shield restricted)
rPois    .         Spirit   +   (helmet restricted)
rElec    .         Reflect  .   (no cloak)
rCorr    .         Harm     .   (gloves unavailable)
MR       +....                  (boots unavailable)
Stlth    ++++......             r - amulet of guardian spirit
Regen    0.1/turn               i - ring of wizardry
MPRegen  0.2/turn               (no ring)

@: very slightly contaminated, very quick
A: unfitting armour, see invisible, herbivore 3, speed 3, slow metabolism 2
a: no special abilities


You were on level 4 of the Dungeon.
You were not hungry.

You visited 1 branch of the dungeon, and saw 4 of its levels.

You collected 159 gold pieces.

Inventory:

Hand Weapons
 k - a +4 dagger of draining (weapon)
 o - a +2 short sword of holy wrath
Armour
 b - a +0 robe (worn)
Jewellery
 i - a ring of wizardry (right hand)
 r - an amulet of guardian spirit (around neck)
Wands
 p - a wand of flame (18/48)
Scrolls
 a - a scroll of teleportation
 q - 2 scrolls of recharging
Potions
 h - a potion of degeneration {unknown}
 j - a potion of brilliance
 m - a potion of haste
 s - a potion of berserk rage {unknown}
Books
 c - a book of Maledictions

   Spells                             Type                      Level
   a - Corona                         Hexes                        1
   b - Ensorcelled Hibernation        Hexes/Ice                    2
   c - Confuse                        Hexes                        3
   d - Tukima's Dance                 Hexes                        3
   e - Dazzling Spray                 Conjuration/Hexes            3
Comestibles
 d - 4 bread rations
 g - a royal jelly


   Skills:
 + Level 4.2 Short Blades
 - Level 3.0 Dodging
 + Level 8.4 Stealth
 + Level 5.8 Spellcasting
 - Level 5.0 Hexes


You had 11 spell levels left.
You knew the following spells:

 Your Spells              Type           Power        Failure   Level  Hunger
a - Corona                Hex            ###....      1%          1    None
b - Ensorcelled Hibernat  Hex/Ice        ##....       4%          2    None
c - Confuse               Hex            ###.....     2%          3    ##.....


Dungeon Overview and Level Annotations

Branches:
Dungeon (4/15)
 Temple: D:4-7

Altars:
Nemelex Xobeh

Annotations:
D:4 graki42's ghost, amateur DECj


Innate Abilities, Weirdness & Mutations

You are very small and have problems with some larger weapons.
You are too small for most types of armour.
You have supernaturally acute eyesight. (SInv)
You are a herbivore.
You cover ground extremely quickly.
You need consume almost no food.


Message History

You hit the jackal.
You kill the jackal!
You hit the jackal skeleton.
The jackal skeleton is moderately damaged.
The jackal skeleton misses you.
You hit the jackal skeleton.
The jackal skeleton is heavily damaged.
You hit the jackal skeleton.
You destroy the jackal skeleton!
Casting: Ensorcelled Hibernation
Confirm with . or Enter, or press ? or * to list all spells.
Aiming: Ensorcelled Hibernation
Press: ? - help, Shift-Dir - straight line, f/p - ogre
Aim: an ogre, wielding a giant club (lightly wounded, chance to defeat MR: 45%)
You miscast Ensorcelled Hibernation.
You are very lightly contaminated with residual magic.
You hear an indistinct dissonance whispering inside your mind.
The ogre hits you with a giant club!!
Ouch! That really hurt!
You die...

.. . .## ... # #.# #
#.##.##.# ..
#...?...# .# #@# .#
#. ####O#####.##...
#........?......
#.##.##?........ #.
#.!.......... #.
####O........ ..
#.#####.........
....##.......#.......
.....>.O##########.##


You could see an ogre.

Vanquished Creatures
  The ghost of Azzok the Shooter, an amateur CeHu (D:3)
  An ogre (D:3)
  A scorpion (D:3)
  An orc priest (D:4)
  5 orc wizards
  Jessica (D:2)
  Natasha (thrice) (D:2)
  A worker ant (D:4)
  Robin (D:2)
  4 adders
  3 worms
  A dart slug (D:2)
  3 leopard geckos
  7 orcs
  4 giant cockroaches
  13 goblins
  11 hobgoblins
  5 jackals
  3 quokkas (D:3)
  A ball python (D:1)
  8 bats
  6 frilled lizards
  A jackal skeleton (D:4)
  6 kobolds
  A leopard gecko skeleton (D:4)
  A quokka skeleton (D:3)
  12 rats
105 creatures vanquished.

Notes
Turn   | Place    | Note
-------+----------+-------------------------------------------
     0 | D:1      | KristoblXynda the Spriggan Enchanter began the quest for the Orb.
     0 | D:1      | Reached XP level 1. HP: 9/9 MP: 5/5
   198 | D:1      | Reached XP level 2. HP: 11/13 MP: 6/6
   202 | D:1      | Learned a level 2 spell: Ensorcelled Hibernation
   565 | D:1      | Reached skill level 5 in Stealth
   593 | D:2      | Noticed Robin
   855 | D:2      | Reached XP level 3. HP: 16/16 MP: 8/8
   860 | D:2      | Learned a level 3 spell: Confuse
  1028 | D:2      | Killed Robin
  1591 | D:2      | Reached skill level 6 in Stealth
  1608 | D:2      | Reached XP level 4. HP: 18/21 MP: 8/10
  1662 | D:2      | Found a sparkling altar of Nemelex Xobeh.
  1732 | D:2      | Noticed Natasha
  1741 | D:2      | Killed Natasha
  1840 | D:2      | Noticed Natasha
  1847 | D:2      | Killed Natasha
  1973 | D:2      | Reached skill level 5 in Hexes
  1976 | D:2      | Noticed Jessica
  1986 | D:2      | Killed Jessica
  1986 | D:2      | Reached XP level 5. HP: 22/24 MP: 12/12
  2030 | D:2      | Noticed Natasha
  2038 | D:2      | Killed Natasha
  2485 | D:3      | Noticed an ogre
  2513 | D:3      | Killed an ogre
  2513 | D:3      | Reached skill level 7 in Stealth
  2513 | D:3      | Reached XP level 6. HP: 28/28 MP: 10/14
  2620 | D:3      | Noticed Azzok's ghost (amateur CeHu)
  2903 | D:3      | Reached skill level 5 in Spellcasting
  3041 | D:3      | Killed Azzok's ghost
  3113 | D:4      | Reached XP level 7. HP: 27/32 MP: 4/16
  3124 | D:3      | Reached skill level 8 in Stealth
  3146 | D:4      | Noticed graki42's ghost (amateur DECj)
  3458 | D:4      | Slain by an ogre

Vault maps used:
D:1:      minmay_arrival_hallway, minivault_27, minmay_pentomino_u4
D:2:      nicolae_overflow_hidden_temple, minmay_box_of_dots, uniq_natasha,
          uniq_robin, uniq_jessica
D:4:      first_bread

Skill      XL: |  1  2  3  4  5  6  7 |
---------------+----------------------+-----
Spellcasting   | 3 4 5 |  5.8
Stealth        | 5 6 7 8 |  8.4
Hexes          | 4 5 |  5.0
Short Blades   | 2 3 4 |  4.2
Dodging        | |  3.0

Action                   |  1- 3 |  4- 6 |  7- 9 || total
-------------------------+-------+-------+-------++-------
Melee: Dagger            |   108 |   111 |    54 ||   273
       Short sword       |       |    41 |     8 ||    49
 Cast: Ensorcelled Hiber |    13 |    22 |     2 ||    37
       Confuse           |       |     1 |     4 ||     5
Evoke: Wand              |       |       |     1 ||     1
  Use: Scroll            |     2 |     6 |       ||     8
       Potion            |       |       |     2 ||     2
 Stab: Sleeping          |    16 |    25 |       ||    41
       Confused          |       |     1 |       ||     1
       Distracted        |       |       |     1 ||     1
  Eat: Fruit             |       |     2 |       ||     2
Armor: Robe              |    13 |     9 |     7 ||    29
Dodge: Dodged            |    83 |    91 |    46 ||   220
